cohdb
Replays
Latest Replays
All Replays
Popular Replays
Top Player Replays
Match Explorer
How It Works
Community
CoH3 Stats
Reddit
Sign in to upload your games and track your stats! →
Sign in with Steam
Match 41624412
Unlisted
Match 41624412
Overview
Messages
Build Orders
End
Construct Infanterie Kompanie
Selects Breakthrough Battlegroup
Grenadier Squad
Grenadier Squad
MG 42 Machine Gun Team
GrW 34 Mortar Team
Construct Panzergrenadier Kompanie
Selects Rapid Production
Panzergrenadier Squad
251 Medium Carrier
MG 42 Machine Gun Team
Pak 40 Anti-tank Gun Team
251 Medium Carrier
Ж | Davako
silentbreacher
0
0
Comments
sign in to comment!
No comments posted yet!